[Event "44th Chess Olympiad Open 2022"]
[Site "Chennai"]
[Date "2022.08.01"]
[Round "4.43"]
[White "Volodin, Aleksandr"]
[Black "Hsu, Hsuan-Ming"]
[Result "0-1"]
[WhiteElo "2454"]
[BlackElo "1900"]
[Annotator "TA"]
[PlyCount "108"]
[EventDate "2022.??.??"]
[TimeControl "60"]

1. d4 Nf6 2. c4 g6 3. g3 Bg7 4. Bg2 O-O 5. Nf3 d6 6. O-O Nbd7 7.
Qc2 e5 8. dxe5 Nxe5 {
[%emt 0:08:22] E60: King's Indian: Unusual lines and Fianchetto Variation
without Nc3.} 9. Nbd2 {[%emt 0:06:11] [#]} (9. Nxe5 $11 dxe5 10. b3) 9... Qe7
$146 ({Predecessor:} 9... c6 10. Nxe5 dxe5 11. b3 e4 12. e3
Nh5 13. Bb2 f5 14. Rad1 Qc7 15. Bxg7 Nxg7 16. c5 b5 {½-½ (32) Aloe,G (1602)
-Carli,F (1641) Milan 2015}) 10. Nd4 Re8 {[%emt 0:05:43]
Black has an edge.} 11. e3 a6 12. Ne2 (12. b4 $11) 12... Rb8 13. Nf4 c5 14. Rb1 b5 (14... Nc6
$15) 15. b3 $1 $11 Bf5 16. e4 Bd7 17. Bb2 Nc6 18. Rbd1 Bg4 19. Rde1 Nd4 20. Bxd4 cxd4 21. h3 Bc8 22. Rd1 Qa7 23. Rfe1 Bb7 24. Nd3 Nd7 25. Kh2 Rbc8 26. Qb1 Qb6 27. Rc1 h5 28. h4 Rc7 29. Re2 Nf6 30. f3 Bh6 31. Nf4 (31. Rce1 $15) 31... Nd7 32. Ree1 Ne5 33. Rcd1 Ba8 (33... bxc4 34. Nxc4 Nxc4 35. bxc4 $11) 34. Bf1 Qa5 35. Kg2 Qb6 {[%emt 0:00:44] Black is more
active.} (35... Rec8 $17) 36. Bd3 (36. Kh2 $1 $11) 36... Rce7 37. Re2 Qd8 38. cxb5 {
[%emt 0:00:23] [#]} Rc7 $1 39. Nh3 $2 {[%emt 0:00:30] Loses
the game.} (39. Nc4 $15) 39... Rc3 $19 40. Nf1 Qf6 41. Nh2 Rec8 ({And not
} 41... Rxd3 42. Rxd3 Nxd3 43. Qxd3 $11) 42. f4 ({Much weaker
is} 42. bxa6 Rc1 43. f4 (43. Rxc1 $2 Rxc1 44. Qxc1 Bxc1 $19) 43... Rxb1 44.
Bxb1 Ng4 45. Nxg4 hxg4) 42... Nxd3 43. Rxd3 Rxd3 44. Qxd3 Rc3 45. Qd1 {
[%emt 0:03:37] [#]} d3 $1 {[%emt 0:01:15] Deflection} 46. Rd2 Bxe4+ 47. Nf3 axb5 48. Nf2 d5 49. Nxd3 (49. Rxd3 $142
Bxd3 50. Nxd3) 49... Qf5 50. Nde1 Qg4 51. Kf2 Bf8 {[%emt 0:02:53][%cal Yh6f8,
Yf8c5,Yc5e3] aiming for ...Bc5+.} 52. Nd3 (52. Rxd5 Bxd5 53.
Qxd5) 52... Bc5+ {[%emt 0:00:55] Black is clearly winning.} 53. Kg2 Be3 {[%emt 0:03:01][%cal Ye3f4] ( -> ...Bxf4!). This bishop pair is
nice.} 54. Nde5 Bxf3+ {[%emt 0:01:35] Weighted Error Value:
White=0.54/Black=0.17 (very precise)} 0-1

[Event "44th Chess Olympiad Open 2022"]
[Site "Chennai"]
[Date "2022.08.01"]
[Round "4.43"]
[White "Kiik, Kalle"]
[Black "Yan, Austin K"]
[Result "1-0"]
[WhiteElo "2365"]
[BlackElo "1568"]
[Annotator "TA"]
[PlyCount "59"]
[EventDate "2022.??.??"]
[TimeControl "60"]

1. c4 c6 2. Nf3 Nf6 3. b3 d5 4. e3 Bf5 5. Nh4 Bg4 6. Be2 {[%emt 0:06:43] A12: English Opening: 1...c6 with b3 by White.}
Bxe2 7. Qxe2 e6 8. O-O {
[%emt 0:01:40] The position is equal.} Nbd7 9. Bb2 Bd6 10. d3 O-O 11.
Nd2 {[%emt 0:03:28] [#]} Be5 $146 ({Predecessor:} 11... Re8
12. e4 dxe4 13. dxe4 Be5 14. Bxe5 Nxe5 15. Nhf3 Qd3 16. Rfe1 Rad8 17. Nxe5 Qxd2
{½-½ (66) Sankalp,G (2504)-Suleymanli,A (2525) Chess.com INT 2022}) 12. d4 Bc7 13. g3 e5 14. Rad1 (14. cxd5 $14 cxd5 15. dxe5 Bxe5 16. Ndf3 Bxb2 17.
Qxb2) 14... exd4 15. Bxd4 (15. cxd5 {is more
complex.} Nxd5 16. Bxd4 g6 17. e4) 15... Be5 (15... g6 $11)
16. Ndf3 (16. Bxe5 $14 Nxe5 17. e4) 16... Bxd4 $11 17. Rxd4 Qc7 18. cxd5 Nxd5 (18... cxd5 $11 19. Ng2 Qd6) 19. Rc1 (
19. e4 $16 Ne7 20. Rfd1) 19... N5f6 20. Rcd1 Ne5 21. Nf5 {[%emt 0:04:23] Strongly threatening Rd6.} Nd5 {
[%emt 0:11:11] [#]} ({Better is} 21... Rae8 $14) 22. Ng5 (22.
Nxe5 $1 $16 Qxe5 23. Qd3) 22... g6 (22... h6 $14 23. Qc2 hxg5
24. Rxd5 g4) 23. Nh6+ $16 Kg7 ({Black should
try} 23... Kh8) 24. Nhxf7 $1 {[%emt 0:02:01] White is more active.} Qe7 {
[%emt 0:00:55] Inhibits Ne6+.} (24... Nc3 $2 25. Qc2 Nf3+ 26. Kh1 Nxd1 27. Ne6+
(27. Rxd1 Qe7 $15) 27... Kxf7 28. Nxc7 Nxd4 29. Qxd1 $18) (24... Rae8 $16) 25.
Nxe5 $18 Qxe5 26. f4 Qxe3+ 27. Qxe3 Nxe3 28. Rd7+ Kf6 $2 {[%emt 0:01:22] [#]} (28... Kg8) 29. Re1 Nc2 30. Re5 {[%emt 0:00:25] Weighted Error Value: White=0.
17 (very precise) /Black=0.63} 1-0

[Event "44th Chess Olympiad Open 2022"]
[Site "Chennai"]
[Date "2022.08.01"]
[Round "4.43"]
[White "Liu, Yeh Yang"]
[Black "Chukavin, Kirill"]
[Result "1-0"]
[WhiteElo "1994"]
[BlackElo "2418"]
[Annotator "TA"]
[PlyCount "91"]
[EventDate "2022.??.??"]
[TimeControl "60"]

1. e4 c5 2. Nf3 a6 3. c3 d5 4. exd5 Qxd5 5. d4 Nf6 6. c4 {[%emt 0:01:34] B28: Sicilian: 2 Nf3 a6 (O'Kelly Variation).} Qe4+ 7. Be3 {[%emt 0:01:25] Strongly threatening Nc3.} cxd4 8. Nbd2 {[%emt 0:00:06] [#] Deflection. The position is equal.}
Qc6 $146 (8... Qg6 $5 9. Nxd4 (9. Bxd4 Nc6 $11)
9... Ng4 $11) ({Predecessor:} 8... Qg4 9. h3 Qh5 10. Nxd4 Qxd1+ 11. Rxd1 e5 12.
N4b3 Nc6 13. g4 Nd4 14. Nxd4 exd4 15. Bxd4 {1-0 (64) Ondrus,M (2274)-Marcziter,
D (2243) Chess.com INT 2020}) 9. Nxd4 Qc7 10.
Be2 e5 11. Nc2 Nc6 12. O-O Be6 13. a3 Be7 14. b4 (14. Nb4 $5) 14... Rd8 15. Qc1 O-O 16. Qb2 e4 17. h3 Ne5 18. Nd4 $1 Bxc4 19. Rfc1 (
19. Rac1 $5 b5 20. a4 $11) 19... b5 $132 {[%emt 0:00:31] Black
puts up resistance} 20. Nf5 Rfe8 21. Nxc4 bxc4 {[%emt 0:02:41] [#]} 22. Bd4 (22. Bxc4 $1
$11 {keeps the balance.} Nxc4 23. Nxe7+ Rxe7 24. Qa2) 22... Nd3 $17 23. Bxd3 (23. Qc3 $17 {only move.}) 23... exd3 $19 24. Ne3 Nh5 $2 (24... Ne4 $19
25. Rxc4 Qf4) 25. Rxc4 $11 Qd7 (25... Qd6 $11
) 26. Rd1 $16 Bf6 27. Rxd3 Nf4 28. Rd1 Bxd4 ({Black should play} 28... Qb5 $14 29. a4 Qg5) 29. Rcxd4 $18 ({Much less strong is} 29. Rdxd4 $6 Qxd4 30. Rxd4 Rxd4 $16) 29... Qxd4 30. Rxd4 Rxd4 {[%emt 0:00:10] [#]} 31. Nf5 $1 ({Don't do} 31. b5 $6 axb5 32. Nf5 Rd1+ 33. Kh2 Ne6 $14) 31...
Rd1+ 32. Kh2 Ne6 33. Qe2 {[%emt 0:01:22] Prevents Rd3.} Rd5 34.
g4 (34. Qf3 $18 Rd2 35. Qc6) 34... a5 (34...
h5 $16) 35. b5 Rdd8 36. Qe5 {[%emt 0:02:04]
Against Nd4. Black must now prevent b6.} f6 $2 (36... Rd3 37.
Qb2 a4) 37. Qc3 {[%emt 0:00:02] White is clearly winning.} a4 38. Qc4 g6 39. Ne3 Rd4 40. Qc6 Kf7 41. Nc4 Rb8 42. b6 Ke7 43. Qxa4 {[%emt 0:00:00] And now Qa7+ would win.} Nd8 (43... Rc8 $142 44. Qb4+ Rc5) 44. Qa7+ Rb7 {[%emt 0:
00:06] [#]} 45. Na5 $1 Rbd7 (45... Rxa7 46.
bxa7) 46. b7 {[%emt 0:00:00] Quite a comeback for White. Weighted Error Value:
White=0.17 (very precise) /Black=0.34} 1-0

[Event "44th Chess Olympiad Open 2022"]
[Site "Chennai"]
[Date "2022.08.01"]
[Round "4.43"]
[White "Wu, Bing-Shen"]
[Black "Shishkov, Andrei"]
[Result "0-1"]
[WhiteElo "1660"]
[BlackElo "2366"]
[Annotator "TA"]
[PlyCount "128"]
[EventDate "2022.??.??"]
[TimeControl "60"]

1. d4 Nf6 2. Nf3 d5 3. c4 e6 4. g3 dxc4 5. Bg2 Nc6 6. O-O Rb8 7. Nc3 b5 8. Ne5 Nxe5 {[%emt 0:00:41] E04: Open Catalan: 5 Nf3.} (8... Nxd4 $2 9. e3 $18)
9. dxe5 Nd7 10. Bc6 a6 {
[%emt 0:05:59] The position is equal.} 11. a4 b4 12. Ne4 {[%emt 0:00:10] Black must now prevent a5.} Rb6 (12... Bb7 $11 13. Bxb7 (13. Bg5 Qc8 $17) 13... Rxb7) 13. Bxd7+ (13. Bg5 $14 Be7 14. Bxd7+ Qxd7 15. Qc1) 13... Qxd7 $11 {
[%emt 0:07:18] [#]} 14. Be3 $146 ({Predecessor:} 14. Qc2 Qc6
15. Bg5 Be7 16. Bxe7 Kxe7 17. f3 a5 18. Qd2 h6 19. Rfd1 Rb8 20. Qf4 {0-1 (31)
Li,X (2112)-Zhang,X (2374) China 2016}) 14... Qxd1 15. Rfxd1 Rc6 16. a5 c3 17. bxc3 bxc3 18. Rdc1 Bb4 19. Ra4 Rc4 20. Bc5 Rxe4 21. Rxb4 Rxb4 ({Much less strong is} 21... Rxe2 22. Rxc3 Rxe5 23. Bd6 $1 Re1+ 24. Kg2
$14) 22. Bxb4 {[%emt 0:00:08] Endgame KRB-KRB} Bb7 23. Rxc3 Kd7 24. f3 Rb8 25. Rc4 Bd5 26. Rd4 Rb5 27. Bd2 c5 28. Rd3 Kc7 29. e4 Bc4 30.
Rd6 f6 (30... Rb3 $15) 31. f4 Rb3 32. Kf2 h5 33. Be3 Rb5 34. Bd2 Rb2 35. Ke3 fxe5 36. fxe5 g5 37. h4 Rb3+ 38. Kf2 g4 {[%emt 0:00:54] Hoping for ...Rf3+.} 39. Be3 $1 Rb5 40. Bd2 Rb3 41. Be3
$1 Rb5 42. Bd2 Rb1 43. Be3 Rf1+ $1 44. Kg2 Re1 $1 45. Bxc5 Rxe4 46. Rb6 Re2+ 47. Kg1 Ra2 48. Bd6+ Kd7 49. Rb7+ Kc6 50. Rf7 Rxa5 51. Kf2 Kd5 52. Ke3 Rb5
{[%emt 0:07:40] Strongly threatening ...Rb3+.} 53. Kf4 Rb3 {
[%emt 0:00:07] aiming for ...Rf3+.} 54. Kg5 $2 {[%emt 0:00:00] Now White is
beyond hope.} (54. Rc7 $17) 54... Rxg3 $19 55. Kxh5 Rf3 56. Rg7 g3 {[%emt 0:00:06][%cal
Yg4g3,Yg3g2] And now ...a5 would win.} 57. Rg5 $2 (57. Bc7 $19
) 57... Rf5 58. Bb8 g2 59.
Ba7 Kxe5 60. Kg4 Rxg5+ 61. hxg5 Bd3 (61... a5 $142
62. Kf3 a4 63. g6 Bd5+ 64. Kf2 Kf6 65. Bd4+ Kxg6 66. Bb2 Kf5 67. Kg1 e5 68. Kf2
Bf3 $1 69. Kg1 e4 70. Bc1 Ke6 71. Kf2 Kd5 72. Kg1 Ke6 73. Kf2 Kd5 74. Kg1 Ke6)
62. Kg3 Be4 63. g6 {[%emt 0:03:19] [#]} Kf6
$1 64. Kf4 Bd5 {[%emt 0:00:19] Weighted
Error Value: White=0.36/Black=0.11 (very precise)} 0-1

[Event "44th Chess Olympiad Open 2022"]
[Site "Chennai"]
[Date "2022.08.01"]
[Round "4.44"]
[White "Fluvia Poyatos, Jordi"]
[Black "Nissinen, Niilo Man"]
[Result "1/2-1/2"]
[WhiteElo "2451"]
[BlackElo "1693"]
[Annotator "TA"]
[PlyCount "156"]
[EventDate "2022.??.??"]
[TimeControl "60"]

1. e4 c5 2. Nf3 Nc6 3. d4 cxd4 4. Nxd4 Nf6 5. Nc3 e5 6. Ndb5 d6 7. Bg5 a6 8. Na3 b5 9. Nd5 Be7 10. Bxf6 Bxf6 11. c3 O-O 12. Nc2 Bg5 13. a4 bxa4 14. Rxa4 a5 15. Bc4 Rb8 16. Ra2 Kh8 17. Nce3 g6 18. h4 {[%emt 0:00:00] B33:
Sicilian: Pelikan and Sveshnikov Variations.} Bh6 (18... Bxh4
$11 19. g3 Bg5) 19. h5 $16 Qg5 {[%emt 0:01:51] [#]} 20. Nc7
$146 {[%emt 0:14:47] Pair of Knights! White is better.} ({Predecessor:} 20. Qf3
f5 21. hxg6 f4 22. Qh5 Qxh5 23. Rxh5 fxe3 24. Rxh6 exf2+ 25. Kf1 Kg7 26. Rxh7+
Kxg6 {1-0 (53) Xu,Y-Bharadwaj,A (1903) Vung Tau 2008}) 20... Qd8 {[%emt 0:03:
16] [#] aiming for ...Bxe3.} 21. hxg6 $1 fxg6 22. Rxh6 Qxc7 23. b3 Ne7 24. Rd2 $40 {[%emt 0:13:57] Black needs to defend precisely.
White is more active.} Rb6 25. Ke2 (25. Qe2
$14) 25... Bb7 $2 (25... Ng8 $1 $11 {and Black has nothing to
worry.} 26. Rh4 Nf6) 26. Qh1 $18 Ng8 27. Rxg6 Bxe4 (27... a4 $142)
28. Rxg8+ Rxg8 29. Bxg8 Kxg8 30. Qh4 Bb7 (30... Bg6 $142
31. Nd5 Qb8 32. Nxb6 Qxb6) 31. Qg5+ (31. Nf5 $142 {Strongly
threatening Qf6.} d5 32. Ne7+ (32. Qg5+ Kf8 $11) 32... Kf8 33. Nxd5 Bxd5 34.
Rxd5) 31... Kf8 32. Nf5 $2 {[%emt 0:05:44] Prevents Qe7.} (32.
c4 $18) 32... d5 $1 $11 33. Rd3 Ba6 34. c4 $1 {[%emt 0:00:18][%cal Yf5d4] Nd4! is the strong
threat.} Rg6 35. Qh4 (35. Qd2 $5 Bb7 36. Rg3 $14 (36. cxd5 Ba6 $17)) 35... d4 36. Rf3 Bb7 (36... Ke8 $11 {remains equal.}) 37. Rg3
$1 $16 Rxg3 38. Qf6+ (38.
fxg3 $6 Ke8 $11) (38. Qxg3 $16 Be4 39. Nxd4) 38... Ke8 $1 $11 39. fxg3 {[%emt 0:01:36] Endgame Black must now prevent Ng7+. KQB-KQN. Really
sharp!} Kd7 $1 40. Qe7+ Kc6 {[%emt 0:01:49]
Threatens to win with ...Qxe7.} 41. Qe8+ Kb6 42. Qb5+ Ka7 43. Kd2 (43. g4
$11 {keeps the balance.}) 43... Bc8 (43... Bxg2 $17 44. Qe8
Qc5 45. Qd7+ Ka6 46. Qd6+ Qb6 47. Qxe5 Qb4+ 48. Ke2 d3+ 49. Kxd3 Qxb3+ 50. Kd2
Qa2+ 51. Ke1 Qxc4 52. Qd6+ Ka7 53. Qd7+ (53. Ne3 $2 Qc3+ 54. Ke2 Bb7 $17) 53...
Kb6 54. Qd6+ (54. Ne3 $2 Qc3+ 55. Ke2 Be4 $17) 54... Qc6 55. Qd8+ Qc7 56. Qf6+
Ka7) 44. g4 h5 45. Ng3 $2 (
45. Qd5 $11 {and White stays safe.} Bb7 46. Qe6) 45... hxg4 $19 46. Ne4 {[%emt 0:00:36] [#]} ({White should try} 46. Ne2 $19) 46... Bb7 (46... Ba6 $1 $17 47. Qa4 Bb7) 47. Nc5 (47. Nf6 $1 $11) 47... Qb6 $1 $15 (47... Bxg2 48. Qa6+
Kb8 49. Qb5+ Ka8 50. Qa6+ Qa7 51. Qc8+ Qb8 52. Qa6+ Qa7 53. Qc8+ Qb8 54. Qa6+
Qa7 $11) 48. Qxb6+ Kxb6 $17 {[%emt 0:00:05] KB-KN} 49. Nd7+ Kc7 50. Nxe5 g3 (50... Bxg2 51. Nxg4 Kd6 52. Kd3 $11) 51. Kd3 Bxg2 52. Kxd4 Kd6 53. Nd3 $1 ({Not} 53. c5+ $2 Kc7 54. Nd3 {[#]} Bd5 $1 $19) 53... Bf1 54. Nf4 Kc6 ({Of course not} 
54... g2 55. Nxg2 Bxg2 56. Kc3 $11) 55. Ke3 g2 (55... Kc5 $17 {Hoping for ...Kb4.} 56. Nd5 (56. Kf3 $2 Kb4 $19) 56... Bg2)
56. Nxg2 Bxg2 $11 {[%emt 0:00:07] KB-KPP} 57. Kd4 Bf1 58. c5 Kb5 59. Kc3 Kxc5 {[%emt 0:00:25] KB-KP} (59... Bh3 $5 60. c6 (60. Kb2 $2
Bc8 $19) 60... Bf5 $11) 60. Kb2 Kb4 61. Ka2 Kc3 62. Ka3 Bb5 63. Ka2 Bd7 64. Ka3 Be8 65. Ka2 Kc2 66. Ka1 Bd7 67. Ka2 Kc1 68. Ka1 Bc6 69. Ka2 Kc2 70. Ka1 Kc3 71. Ka2 Bd5 {[%emt 0:00:06] ( -> ...a4)} 72. Ka3 Bc6 73. Ka2 Be8 74. Ka3 Bb5 75. Ka2 Kc2 76.
Ka1 Bd7 77. Ka2 Be6 78. Ka1 $2 (78. Ka3 $11 {and White is okay.})
78... Bxb3 {[%emt 0:00:05] What a fight! Weighted Error Value: White=0.41/
Black=0.38} 1/2-1/2

[Event "44th Chess Olympiad Open 2022"]
[Site "Chennai"]
[Date "2022.08.01"]
[Round "4.44"]
[White "Ribera Veganzones, Serni"]
[Black "Kannappan, Thanneermalai"]
[Result "1-0"]
[WhiteElo "2203"]
[BlackElo "1699"]
[Annotator "NA RC"]
[PlyCount "103"]
[EventDate "2022.??.??"]
[TimeControl "60"]

1. e4 e5 2. Nf3 Nc6 3. Bb5 a6 4. Ba4 Nf6 5. O-O Be7 6. Re1 b5 7. Bb3 O-O 8. c3 d5 9. exd5 Nxd5 10. Nxe5 Nxe5 11. Rxe5 c6 12. Re1 Bd6 13. d3 Qh4 14. g3 Qh3 15. Re4 Bb7 16. Nd2 c5 17. Rh4 Qe6 18.
Qh5 Qe1+ 19. Nf1 Nf6 20. Qd1 Qe7 21. Ne3 Qd7 22. d4 Rad8 23.
Bc2 h6 24. d5 Be7 25. Nf5 Nxd5 26. Qg4 g6 27. Nxh6+ Kg7 28. Nf5+ Kg8 29. Bg5 f6 30. Bh6 g5 31. Bxf8 Bxf8 32. Nh6+ Kg7 33. Qxd7+ Rxd7 34. Nf5+ Kg8 35. Re4 Ne7 36. Nxe7+ Bxe7 37. Re2 c4 38. Rd1 Rc7 39. Be4 Bc8 40. Kg2 f5 41. Bd5+ Kg7 42. f3 Bc5 43. Be6 Re7 44. Rde1 Bb7 45.
Bxf5 Rf7 46. Be4 Bc8 47. Rd1 g4 48. f4 a5 49. Rd5 Ba7 50.
Rxb5 Re7 51. Rxa5 Bb7 52. Re5 1-0

[Event "44th Chess Olympiad Open 2022"]
[Site "Chennai"]
[Date "2022.08.01"]
[Round "4.44"]
[White "Deng, Yu Dong Michael"]
[Black "Henderson de La Fuente, Lance"]
[Result "1/2-1/2"]
[WhiteElo "2028"]
[BlackElo "2490"]
[Annotator "TA"]
[PlyCount "200"]
[EventDate "2022.??.??"]
[TimeControl "60"]

1. d4 d5 2.
c4 e6 3. Nc3 c6 4. e3 Nf6 5. Nf3 Nbd7 6. Bd3 dxc4 7. Bxc4 b5 8. Bd3 a6 9. O-O c5 10. Qe2 Bb7 11. Rd1 Qb8 12. dxc5 {[%emt 0:14:59]
D48: Semi-Slav: Meran System: 7...b5 8 Bd3 a6.} Bxc5 13. b3 {
[%emt 0:08:21] [#]} Bd6 $146 ({Predecessor:} 13... Ne5 14.
Bxb5+ axb5 15. Nxe5 O-O 16. Ng4 Nxg4 17. Qxg4 Bd6 18. h3 f5 19. Qe2 Rf6 20. Bb2
Rg6 {0-1 (36) Vescovi,G (2490)-Kaidanov,G (2590) New York 1997}) 14. h3 O-O 15. Bb2 Nc5 16. Bc2 Bxf3 17. Qxf3 Bh2+ 18. Kh1 {[%emt 0:01:19] [#] Threatens to win with g3.}
Be5 19. Rab1 Rc8 20. Ne4 Bxb2 21. Rxb2 Ncxe4 22. Bxe4 Qe5 23. Bxa8 Qxb2 24. Bb7 Rf8 25. Bxa6 Nd5 26. e4 ({Don't play} 26. Bxb5 Nc3 27. a4 Nxd1 28. Qxd1 Qxf2 $17) 26...
Nc3 27. Rd3 b4 28. Bc4 Qxa2 29. Rd7 {[%emt 0:02:19][%cal Yf3f7] [#]
Threatening mate with Qxf7+!} Qb1+ 30. Kh2 {[%emt 0:00:02]
[%cal Yf3f7] White wants to mate with Qxf7+!} Qxe4 31. Qxe4 Nxe4 $11 {[%emt 0:00:05] Endgame KRB-KRN} 32. f3 Nf6 33. Rb7 Rd8 34.
Rxb4 g5 35. Ra4 Rd2 36. b4 Rb2 37. b5 h5 38. Ra8+ Kg7 39.
Ra7 Kf8 40. Ra5 Rb4 41. Bd3 Nd5 42. Be4 Nb6 43. Bc6 Rb2 44. Ra6 {[%emt 0:00:00] The position is equal.} Nc4 45.
Ra4 Ne3 46. f4 g4 47. hxg4 hxg4 48. Kg3 Rb3 49. Ra6 Kg7 50. b6 Nc4+ 51. Kxg4 {[%emt 0:00:00] Strongly
threatening b7.} Nxb6 52. Ra7 Nc4 53. Bf3 Ne3+ 54. Kh3 Nd5 55. Ra4 Nc3 56. Rc4 Nd5 57. Kh4 Ne3 58. Ra4 Nf5+ 59. Kh3 Kf6 60. Kh2 Ne3 61. g4 Rb2+ 62. Kh3 Kg7 63. Ra3 Nc2 64. Rc3 Nd4 65. Kg3 Rb4 66. Ra3 Nb3 67. Bd1 Nd2 68. Bf3 Rb2 {[%emt 0:00:22] ( -> ...Nf1+)} 69. Bg2 {
[%emt 0:00:32] Prevents Nf1+.} Rc2 70. Rd3 Rb2 71. Ra3 Nc4 72. Rc3 Nd6 73. Rd3 Nc8 74. Rc3 Ne7 75. Ra3 Kf6 76. Be4 Rb4 77. Re3 Rd4 78. Kf3 Rb4 79. Kg3 Nc8 80. Bg2 Nd6 81. Rd3 Nb5 82. Bf3 Nd4 83. Ra3 Kg6 84. Be4+ Kh6 85. Bf3 f6 86. Re3 Kg7 87. Ra3 Rc4 88. Ra7+ Kg6 {
[%emt 0:00:15] aiming for ...Rc3.} 89. Ra3 {[%emt 0:00:03] Against Rc3} f5 90. Rd3 Kf6 91. Ra3 Rb4 92. Rd3 e5 93.
fxe5+ Kxe5 94. gxf5 Nxf5+ 95. Kf2 Rb2+ 96. Be2 Nd4 97. Re3+ Kf4 98. Re8 Rxe2+ 99. Rxe2 Nxe2 100. Kxe2 Ke5 {[%emt 0:00:00] Weighted
Error Value: White=0.03 (flawless) /Black=0.03 (flawless)} 1/2-1/2

[Event "44th Chess Olympiad Open 2022"]
[Site "Chennai"]
[Date "2022.08.01"]
[Round "4.44"]
[White "Kwong, Wing Ki"]
[Black "De La Riva Aguado, Oscar"]
[Result "0-1"]
[WhiteElo "1824"]
[BlackElo "2424"]
[Annotator "TA"]
[PlyCount "150"]
[EventDate "2022.??.??"]
[TimeControl "60"]

1. d4 f5 2. Nf3 Nf6 3. g3 g6 4. Bg2 Bg7 5. O-O O-O 6. c4 d6 7. Nc3 c6 8. Qc2 Na6 9. a3 Qe8 10. d5 Bd7 11. dxc6 bxc6 12. b4 {[%emt 0:00:42] A88: Dutch Defence: Leningrad System: 5 Nf3 0-0
6 0-0 d6 7 Nc3 c6.} Nc7 13. Rd1 (13. c5 {
keeps more tension.} dxc5 14. Ne5 Ng4 15. Nxg4 fxg4 16. Bb2) 13... Ne6 {
[%emt 0:05:23] [#]} 14. Bb2 $146 {[%emt 0:01:20] White is slightly better.} ({
Predecessor:} 14. Rb1 Rc8 15. a4 Nd8 16. a5 Nf7 17. a6 e5 18. Ng5 Qe7 19. Nxf7
Rxf7 20. Bg5 {0-1 (43) Brown,A (2013)-Kottahachchy,K (2017) Vung Tau 2008})
14... f4 15. c5 fxg3 (15...
d5 $14) 16. hxg3 $16 dxc5 17.
bxc5 (17. Ne4 $18 {and White stays clearly on top.}) 17...
Nxc5 18. Ne5 (18. Na4 $16 Nxa4 19. Qxa4)
18... Bf5 (18... Rb8 $5 ) 19. e4 Be6 20. Ne2 Rb8 21. Nf4 Bb3 22. Qxc5 Bxd1 23. Rxd1 Rxb2 24. Nxc6 {[%emt 0:01:20] Pair of Knights!} Kh8 25. Ne6
$2 (25. Rd8 $1 $11 Qf7 26. Ne5 Rb1+ 27. Bf1) 25... Nd7 $17 26. Qxa7 (26. Rxd7 {is more resistant.} Qxd7
27. Nxf8 Qd1+ 28. Bf1) 26... Rfxf2 $19 27. Bf1 {[%emt 0:00:00]
[#]} (27. Qxf2 Rxf2 28. Kxf2 Qf7+ 29. Nf4 e5 $19) (27. Bh3 $142 Qf7 28. Qe3 (
28. Qxd7 $2 Rg2+ 29. Bxg2 Qf2+ 30. Kh2 Qxg2#)) 27... Rfd2 $2 (
27... Qf7 $1 {[%cal Yf7f3] ( -> ...Qf3!)} 28. Nf4 {[#]} (28. Ng5 Qb3) 28... Qb3
$1) 28. Rxd2 Rxd2 29. Nxg7 Kxg7 30. Qe3 Rd6 31. Qc3+ e5 32. Bh3 Nf6 33. Nxe5 {[%emt 0:00:24] Black must now prevent Qc7+.} Qe7 {[%emt 0:07:52]
Prevents Qc7.} ({Not} 33... Nxe4 34. Qc7+ Kf8 35. Nd7+ Kg7 36. Ne5+ (36. Nc5+
$2 Kh6 $19) 36... Kf8 37. Nd7+ Kg7 38. Ne5+ $11 (38. Nc5+ $2 Kh6 $19)) 34. Ng4 (34. Bg2 $142) 34... Qxe4 35. Nxf6 Rxf6 {[%emt 0:00:16] Endgame KQR-KQB} 36. Qc7+ $2 (36.
Bg2 Qb1+ 37. Kh2) 36... Kh6 37. Qc1+ g5 38. Bg2 Qd4+ 39. Kh2 Kg6 40. Qc2+ Kg7 41. Qc7+ Rf7 42. Qa5 Kg6 43. Qa6+ Rf6 44. Qb7 Rf7 $2 (44... Re6 $19 {Threatens to win with .
..h5.} 45. Qb3 Qe5 46. Qb1+ Qf5) 45. Qc6+ $2 (45. Qa6+ $1 $11
Rf6 46. Qb7) 45... Qf6 46. Qe8 Kg7 47. Qe2 Re7 48. Qg4 (48. Qd3 $142) 48... Qh6+ 49. Kg1 Qb6+ 50. Kh2 Qe3 51. Qb4 h5 {[%emt 0:01:59] ...Qe5 is the strong threat.} 52. a4 Qe5 {[%emt 0:00:24] Strongly threatening ...h4.} 53. Kh3 {[%emt 0:01:47]
Against h4} (53. Qb5) 53... Rc7 54. Qb5 Rc5 55. Qd7+ Kh6 56.
Qd8 Rc7 57. Qf8+ Rg7 $2 (57... Kh7 {aiming for ...g4+.} 58. Bf1 Qe6+ 59. Kh2
Rc2+ 60. Bg2 h4) 58. Qh8+ $2 (58. Bf1) 58... Kg6 59. Qa8 Re7 (59... g4+ $142 60. Kh2 h4
61. Be4+ Kg5 62. Qd8+ Re7 63. Qg8+ Rg7 64. Qd8+ Re7 65. Qg8+ Qg7 66. Qd5+ Re5
67. Qd8+ Kh6) 60. Qg8+ Kh6 61. Qf8+ Kh7 {[%emt 0:00:00] And now ...g4+ would win.} 62. Bf1 {[%emt 0:00:51]
White threatens Bd3+ and mate.} Qe6+ ({Weaker is} 62... Qe4
63. Bd3 Qxd3 64. Qxe7+ Kg6 65. Qe8+ Kh6 66. Qh8+ Kg6 67. Qe8+ Kh6 68. Qh8+ Kg6
69. Qe8+ $11) 63. Kh2 {[%emt 0:00:07] Intending Bd3+ and mate.} Rd7 {[%emt 0:
00:08] Against Bd3+. Hoping for ...Rd2+.} 64. Qf3 (64. Qc5 {
was worth a try.} Qf6 65. Bg2) 64... Rd2+ 65. Kg1 Kh6 66. Qf8+ $2 (66. a5) 66... Kg6 67. Qf3 {[%emt 0:00:26] Inhibits Qe3+.} Qd5 68. Qf8 $2 (68. Qe3 $19) 68... Qd4+ 69. Kh1 Qe4+ 70. Kg1 Qe3+ 71. Kh1 Qe6 (71... h4 $142 72. Bg2
Qe1+ 73. Bf1 Qe4+ 74. Kg1 Qd4+ 75. Kh1 hxg3 76. Qg8+ Kf5 77. Bh3+ Kf4 78. Qb8+
Qd6 79. Qxd6+ Rxd6 80. Kg1 Rd1+ 81. Kg2 g4 82. Bxg4 Kxg4 83. a5 Rd2+ 84. Kf1
g2+ 85. Kg1 Kg3 86. a6 Rd1#) 72. Bg2 h4 73.
Qa8 Qe1+ {[%emt 0:00:26] Black mates.} 74. Kh2 Qxg3+ 75. Kh1 Rd1+ {[%emt 0:00:06] Black
used his chance. Weighted Error Value: White=0.89/Black=0.55} 0-1